 Dungeon Crawl Stone Soup version 0.22.0-27-ga576289 (webtiles) character file.

2132 iamserjio the Grappler (level 9, 0/80 HPs)
             Began as a Troll Fighter on Aug 22, 2018.
             Was a Priest of Cheibriados.
             Slain by a killer bee (1 damage)
             ... on level 9 of the Dungeon.
             The game lasted 00:10:34 (1309 turns).

iamserjio the Grappler (Troll Fighter)              Turns: 1309, Time: 00:10:35

Health: 0/80       AC:  6    Str: 33    XL:     9   Next: 9%
Magic:  11/11      EV: 10    Int: 14    God:    Cheibriados [***...]
Gold:   222        SH: 11    Dex: 16    Spells: 8/8 levels left

rFire    . . .     SeeInvis .     - Unarmed
rCold    . . .     Gourm    +   b - +0 shield
rNeg     + . .     Faith    .   a - +1 robe
rPois    .         Spirit   .   (helmet restricted)
rElec    .         Reflect  .   (no cloak)
rCorr    .         Harm     .   (gloves unavailable)
MR       .....                  (boots unavailable)
Stlth    +.........             (no amulet)
HPRegen  0.63/turn              k - ring of positive energy
MPRegen  0.12/turn              (no ring)

@: lethally poisoned (0 -> -7), very slow
A: large, unfitting armour, claws 3, fast metabolism 3, gourmand, regeneration
1, shaggy fur 1, tough skin 2
a: Bend Time, Temporal Distortion, Renounce Religion


You were on level 9 of the Dungeon.
You worshipped Cheibriados.
Cheibriados was most pleased with you.
You were very full.

You visited 1 branch of the dungeon, and saw 9 of its levels.

You collected 222 gold pieces.

Inventory:

Hand Weapons
 l - a +0 blowgun
Missiles
 m - 14 poisoned needles
Armour
 a - a +1 robe (worn)
 b - a +0 shield (worn)
Jewellery
 h - an uncursed amulet of rage {unknown}
 k - a ring of positive energy (left claw)
Scrolls
 e - a scroll of remove curse {@r2}
 g - a scroll of teleportation {unknown}
 q - a scroll of fog
Potions
 c - a potion of invisibility {unknown}
 n - a potion of heal wounds {unknown}
 o - a potion of curing {unknown}
 p - a potion of degeneration {unknown}
 t - a potion of flight {unknown}
Comestibles
 d - 8 rations
 s - 6 chunks of flesh


   Skills:
 - Level 2.4 Fighting
 - Level 2.4 Dodging
 + Level 5.8 Shields
 * Level 9.3 Unarmed Combat
 + Level 4.0 Invocations


You had 8 spell levels left.
You didn't know any spells.
Your spell library was empty.

Dungeon Overview and Level Annotations

Branches:
Dungeon (9/15)
 Temple: D:4-7         Lair: D:8-11         Orc: D:9-12

Altars:
Cheibriados
Makhleb
Okawaru


Innate Abilities, Weirdness & Mutations

You are too large for most types of armour.
You have claws for hands.
Your metabolism is lightning-fast.
You like to eat raw meat.
Your natural rate of healing is unusually fast.
You are covered in fur. (AC +1)
You have very tough skin. (AC +2)


Message History

The killer bee closely misses you. The killer bee barely misses you.
The killer bee closely misses you. The killer bee stings you.
* * * LOW HITPOINT WARNING * * *
You block the killer bee's attack. The killer bee closely misses you.
As you read the scroll labeled HADOOCSUTEJUTT, it crumbles to dust.
You hear a loud clanging noise!
It was a scroll of noise.
You feel sick. You block the killer bee's attack.
The killer bee barely misses you. You block the killer bee's attack. x3
The killer bee closely misses you. The killer bee stings you.
* * * LOW HITPOINT WARNING * * *
You are more poisoned.
The killer bee poisons you! The killer bee barely misses you.
The killer bee stings you.
* * * LOW HITPOINT WARNING * * *
The killer bee stings you.
* * * LOW HITPOINT WARNING * * *
The killer bee stings you.
* * * LOW HITPOINT WARNING * * *
The killer bee stings you.
You die...

,,,,,,,,,,,,.....................
,,,,,,,,,,.......................
,,,,,,,,,,,......................
****,****###....#......##########
,***+***,.......#......#.........
,*,,,,,*,.......#......#.........
,*,*,*,*,.....§.#§§....#.......>)
,+,,∩,,+,**#..§§#y§..###........†
,*,*,*,*,,,#..§y@y§..#,..........
,*,,,,,*,,,#.§§yyy§..#,..........
,***+***,,,#..§§§§§..#,..........
*,,,,***,,,#####.....#*#########.
,,,,,,,,,,,,,,,.y......,,,,,,,,#.
,,,.....,,,,,,.....>....,,,,,,,#.
,,,.....,,,,,,..........,,,,,,,#.
,,##...#,,,*,,..........,,,,,,,#.
,,#....#,,,######################


You could see 6 killer bees.

Vanquished Creatures
  A hippogriff (D:7)
  A wyvern (D:6)
  A hungry ghost (D:4)
  3 orc warriors
  2 ogres (D:4)
  A black bear (D:5)
  A phantom (D:4)
  3 centaurs
  2 bullfrogs
  A scorpion (D:5)
  3 crimson imps
  A bullfrog zombie (D:7)
  2 orc priests
  A bullfrog skeleton (D:4)
  A centaur skeleton (D:7)
  3 iguanas
  3 orc wizards
  5 worker ants
  A hound skeleton (D:4)
  4 adders
  An ooze (D:3)
  An adder skeleton (D:5)
  2 worms
  4 leopard geckos
  11 orcs
  2 giant cockroaches (D:4)
  3 hobgoblins (D:3)
  6 jackals (D:3)
  2 kobolds (D:3)
  3 quokkas
  2 ball pythons (D:3)
  3 frilled lizards
  2 goblins (D:3)
  A leopard gecko skeleton (D:6)
  A quokka skeleton (D:4)
  A rat (D:3)
85 creatures vanquished.

Notes
Turn   | Place    | Note
-------+----------+-------------------------------------------
     0 | D:1      | iamserjio the Troll Fighter began the quest for the Orb.
     0 | D:1      | Reached XP level 1. HP: 22/22 MP: 0/0
     5 | D:1      | Noticed an elf
    12 | D:1      | Noticed a merfolk zombie
    12 | D:1      | Noticed a centaur
    18 | D:1      | Noticed a troll
    32 | D:2      | Found a snail-covered altar of Cheibriados.
    35 | D:2      | Became a worshipper of Cheibriados the Contemplative
    51 | D:3      | Reached XP level 2. HP: 27/29 MP: 1/1
   112 | D:3      | Reached skill level 3 in Unarmed Combat
   124 | D:3      | Reached XP level 3. HP: 36/36 MP: 2/2
   159 | D:3      | Reached * piety under Cheibriados
   229 | D:4      | Reached XP level 4. HP: 34/44 MP: 3/3
   286 | D:4      | Noticed an ogre
   294 | D:4      | Killed an ogre
   294 | D:4      | Reached skill level 4 in Unarmed Combat
   294 | D:4      | Reached XP level 5. HP: 29/50 MP: 4/4
   328 | D:4      | Noticed a hungry ghost
   337 | D:4      | Reached skill level 5 in Unarmed Combat
   354 | D:4      | Killed a hungry ghost
   354 | D:4      | Reached XP level 6. HP: 49/59 MP: 5/5
   409 | D:5      | Entered Level 5 of the Dungeon
   448 | D:5      | Reached skill level 6 in Unarmed Combat
   536 | D:6      | Reached XP level 7. HP: 32/66 MP: 6/6
   542 | D:6      | Reached ** piety under Cheibriados
   639 | D:4      | Reached skill level 1 in Invocations
   653 | D:4      | Reached skill level 7 in Unarmed Combat
   710 | D:5      | Found a burning altar of Makhleb.
   730 | D:5      | Reached XP level 8. HP: 71/74 MP: 8/8
   805 | D:5      | Reached skill level 5 in Shields
   927 | D:6      | Reached skill level 8 in Unarmed Combat
  1036 | D:7      | Found an iron altar of Okawaru.
  1048 | D:7      | Noticed a hippogriff
  1056 | D:7      | Killed a hippogriff
  1107 | D:7      | Reached skill level 9 in Unarmed Combat
  1117 | D:7      | Reached *** piety under Cheibriados
  1233 | D:9      | Reached XP level 9. HP: 24/80 MP: 10/10
  1309 | D:9      | HP: 3/80 [killer bee (2)]
  1309 | D:9      | HP: 1/80 [killer bee (2)]
  1309 | D:9      | Slain by a killer bee

Skill      XL: |  1  2  3  4  5  6  7  8  9 |
---------------+----------------------------+-----
Unarmed Combat | 3 4 5 6 7 9 |  9.3
Shields        | 3 4 5 |  5.8
Invocations    | 2 3 4 |  4.0
Fighting       | |  2.4
Dodging        | |  2.4

Action                   |  1- 3 |  4- 6 |  7- 9 || total
-------------------------+-------+-------+-------++-------
Melee: Unarmed           |    68 |    67 |   155 ||   290
  Use: Potion            |     1 |       |       ||     1
       Scroll            |       |       |     6 ||     6
 Stab: Sleeping          |       |     1 |     1 ||     2
  Eat: Chunk             |     7 |    11 |     6 ||    24
Armor: Robe              |    34 |    20 |    22 ||    76
Dodge: Dodged            |    30 |    12 |    60 ||   102
Block: Shield            |    41 |    22 |    93 ||   156
